 Dungeon Crawl Stone Soup version 0.23.0 (webtiles) character file.

Game seed: 9657730988386431316

20 TheDeanity the Caller (level 2, 0/15 HPs)
             Began as a Tengu Summoner on Feb 14, 2019.
             Slain by a jackal (2 damage)
             ... on level 2 of the Dungeon.
             The game lasted 00:07:35 (1384 turns).

TheDeanity the Caller (Tengu Summoner)              Turns: 1384, Time: 00:07:35

Health: 0/15       AC:  2    Str:  8    XL:     2   Next: 79%
Magic:  3/6        EV: 12    Int: 15    God:
Gold:   59         SH:  0    Dex: 14    Spells: 3/6 levels left

rFire    . . .     SeeInvis .   k - +0 dagger
rCold    . . .     Gourm    .   (no shield)
rNeg     . . .     Faith    .   a - +0 robe
rPois    .         Spirit   .   (helmet restricted)
rElec    .         Reflect  .   (no cloak)
rCorr    .         Harm     .   (no gloves)
MR       .....                  (boots unavailable)
Stlth    ++........             (no amulet)
HPRegen  0.05/turn              (no ring)
MPRegen  0.10/turn              (no ring)

@: no status effects
A: beak, talons 3
a: no special abilities


You were on level 2 of the Dungeon.
You were hungry.

You visited 1 branch of the dungeon, and saw 2 of its levels.

You collected 59 gold pieces.

Inventory:

Hand Weapons
 k - a +0 dagger (weapon)
Armour
 a - a +0 robe (worn)
Scrolls
 b - a scroll of fear {unknown}
 e - a scroll of enchant armour {unknown}
 f - 4 scrolls of remove curse {unknown}
 g - a scroll of noise {unknown}
 n - a scroll of random uselessness {unknown}
Potions
 d - a potion of curing {unknown}
 h - a potion of invisibility {unknown}
 i - a potion of cancellation {unknown}
 j - a potion of brilliance {unknown}
 l - a potion of ambrosia {unknown}
Comestibles
 c - 5 rations
 m - 4 chunks of flesh


   Skills:
 - Level 2.1 Dodging
 - Level 2.0 Stealth
 + Level 2.5 Spellcasting
 + Level 5.3 Summonings


You had 3 spell levels left.
You knew the following spells:

 Your Spells              Type           Power        Failure   Level  Hunger
a - Summon Small Mammal   Summ           ###.         2%          1    #......
b - Call Imp              Summ           ###.....     3%          2    ###....

Your spell library contained the following spells:

 Spells                   Type           Power        Failure   Level  Hunger
 Call Canine Familiar     Summ           ###.....     7%          3    ###....
 Summon Guardian Golem    Hex/Summ       #.......     22%         3    ###....
 Summon Ice Beast         Ice/Summ       #.......     56%         4    #####..
 Summon Lightning Spire   Summ/Air       #.......     56%         4    #####..


Dungeon Overview and Level Annotations

Branches:
Dungeon (2/15)

Altars:

Annotations:
D:1 exclusion: downstairs
D:2 exclusion: upstairs, Sigmund


Innate Abilities, Weirdness & Mutations

You have a beak for a mouth.
You have claws for feet.


Message History

The jackal bites you but does no damage.
Your white imp gestures at the jackal.
The puff of frost hits the jackal!
The jackal dies!
You barely miss the jackal.
The jackal is heavily wounded.
The jackal bites you. x2; Your quokka closely misses the jackal.
The jackal barely misses you. The jackal bites you.
* * * LOW HITPOINT WARNING * * *
Your quokka bites the jackal but does no damage.
The jackal bites you.
* * * LOW HITPOINT WARNING * * *
Your quokka bites the jackal.
The jackal dies!
The kobold completely misses your white imp.
You closely miss the jackal. The jackal closely misses you.
Your white imp hits the jackal but does no damage.
The kobold barely misses your white imp.
The jackal bites you.
You die...

#.........# #... #.# .# ..
#.....#.#.## ###..###.###.#...
##.......... #.......#......
###.........# ##..##.......##.
..55........# #..##....)<.......
.<##........#####......##.###...#
.รท(5.{..%#####......[#..### ...
).##............r5K...#.# ..
.....#######....@h......# .
.....# #......[.....# .....#
###.............
###.............<........ #
........................
.............^...######
..........###### #########


You could see a jackal, a kobold, a friendly white imp and a friendly quokka.

Vanquished Creatures
  A giant cockroach (D:2)
  A goblin (D:2)
  2 kobolds
4 creatures vanquished.

Vanquished Creatures (collateral kills)
  2 leopard geckos (D:1)
  3 hobgoblins (D:1)
  3 jackals (D:2)
  A quokka (D:2)
  2 bats
  3 frilled lizards
  2 goblins
  3 kobolds (D:1)
  2 rats (D:1)
21 creatures vanquished.

Grand Total: 25 creatures vanquished

Notes
Turn   | Place    | Note
-------+----------+-------------------------------------------
     0 | D:1      | TheDeanity the Tengu Summoner began the quest for the Orb.
     0 | D:1      | Reached XP level 1. HP: 10/10 MP: 4/4
   212 | D:1      | Reached skill level 5 in Summonings
   395 | D:1      | Reached XP level 2. HP: 15/15 MP: 3/6
   851 | D:1      | Learned a level 2 spell: Call Imp
   963 | D:2      | Noticed Sigmund
  1384 | D:2      | Slain by a jackal

Skill      XL: |  1 |
---------------+----+-----
Summonings     | 5 |  5.3
Dodging        | |  2.1
Stealth        | |  2.0
Spellcasting   | |  2.5

Action                   || total
-------------------------++-------
Melee: Dagger            ||    20
       Unarmed           ||     6
       Kick              ||     4
       Peck              ||     2
 Cast: Summon Small Mamm ||    37
       Call Imp          ||     9
  Eat: Chunk             ||     2
Armor: Robe              ||    11
Dodge: Dodged            ||    20
